 Dungeon Crawl Stone Soup version 0.19-a0-1899-g2d93087 (webtiles) character file.

58 Morenatsu the Cudgeler (level 4, 0/28 HPs)
             Began as a Gargoyle Monk on Oct 20, 2016.
             Slain by a worker ant (6 damage)
             ... on level 4 of the Dungeon.
             The game lasted 00:02:19 (940 turns).

Morenatsu the Cudgeler (Gargoyle Monk)               Turns: 940, Time: 00:02:19

Health: 0/28       AC:  7    Str: 16    XL:     4   Next: 1%
Magic:  4/4        EV: 12    Int: 10    God:
Gold:   71         SH:  0    Dex: 12    Spells: 0 memorised, 3 levels left

rFire  . . .     SeeInvis .     a - +0 mace
rCold  . . .     Gourm    .     b - +0 robe
rNeg   + . .     Faith    .     (no shield)
rPois  ∞         Spirit   .     (no helmet)
rElec  +         Reflect  .     k - +0 cloak
rCorr  .         Harm     .     s - +0 pair of gloves
MR     .....                    (no boots)
Stlth  ++........               (no amulet)
                                (no ring)
                                h - ring of poison resistance

@: no status effects
A: negative energy resistance 1, electricity resistance, unbreathing,
petrification resistance, rot immunity, AC +3
a: no special abilities


You were on level 4 of the Dungeon.
You were not hungry.

You visited 1 branch of the dungeon, and saw 3 of its levels.

You collected 71 gold pieces.

Inventory:

Hand Weapons
 a - a +0 mace (weapon)
Armour
 b - a +0 robe (worn)
 k - a +0 cloak (worn)
 s - a +0 pair of gloves (worn)
Jewellery
 h - a ring of poison resistance (left hand)
Scrolls
 f - a scroll of identify {unknown}
 g - a scroll of teleportation {unknown}
 j - 2 scrolls of immolation {unknown}
 m - a scroll of random uselessness {unknown}
 n - a scroll of fog {unknown}
 p - a scroll of enchant weapon {unknown}
 q - a scroll of blinking {unknown}
Potions
 d - 3 potions of agility {unknown}
 e - a potion of resistance {unknown}
 i - a potion of invisibility {unknown}
 l - a potion of brilliance {unknown}
Comestibles
 c - 2 bread rations
 r - a meat ration


   Skills:
 - Level 3.2 Fighting
 + Level 4.7 Maces & Flails
 - Level 2.4 Dodging
 - Level 2.1 Stealth


You had 3 spell levels left.
You didn't know any spells.

Dungeon Overview and Level Annotations

Branches:
Dungeon (2/15)

Altars:


Innate Abilities, Weirdness & Mutations

You are resistant to torment.
Your stone body is resilient. (AC +3)
You are immune to poison.
You resist negative energy. (rN+)
You are resistant to electric shocks. (rElec)
You can survive without breathing.
You are immune to petrification.
You are immune to rotting.


Message History

* * * LOW HITPOINT WARNING * * *
You hit the worker ant but do no damage.
The worker ant is heavily wounded.
The worker ant barely misses you.
You completely miss the worker ant.
The worker ant is heavily wounded.
The worker ant barely misses you.
You hit the worker ant.
The worker ant is heavily wounded.
The worker ant bites you.
* * * LOW HITPOINT WARNING * * *
The worker ant bites you but does no damage.
You barely miss the worker ant.
The worker ant is heavily wounded.
The worker ant barely misses you.
You hit the worker ant.
The worker ant is almost dead.
The worker ant waves its antennae.
The worker ant completely misses you. The worker ant bites you.
You die...

#. #O## ... #. #
#.. ♣♣ #.##.###..
.. ##........#####
.♣
..............##.♣
..... #.....@a.#
.....###.###....#
#....# ######
##.### #.# #.# #.#
##.# #####.##


You could see a worker ant.

Vanquished Creatures
  A hound (D:4)
  A dart slug (D:1)
  3 leopard geckos
  2 bats (D:1)
  4 hobgoblins (D:1)
  3 jackals (D:1)
  A ball python (D:1)
  2 goblins
  A kobold (D:1)
  5 rats
23 creatures vanquished.

Notes
Turn   | Place    | Note
-------+----------+-------------------------------------------
     0 | D:1      | Morenatsu the Gargoyle Monk began the quest for the Orb.
     0 | D:1      | Reached XP level 1. HP: 14/14 MP: 1/1
   207 | D:1      | Reached XP level 2. HP: 18/19 MP: 2/2
   677 | D:1      | Reached skill level 4 in Maces & Flails
   714 | D:1      | Reached XP level 3. HP: 20/23 MP: 3/3
   812 | D:2      | You fall through a shaft for 2 floors!
   822 | D:4      | Reached XP level 4. HP: 10/28 MP: 4/4
   922 | D:4      | Noticed an ogre
   940 | D:4      | Slain by a worker ant

Vault maps used:
D:1:      dpeg_arrival_lava_temple_mockup
D:2:      tso_metal_star, nicolae_overflow_hidden_temple,
          gammafunk_temple_overflow_pools, first_bread
D:4:      fedhas_altar_4, gup_sewer_entry_bowl, enter_ossuary_3,
          minmay_joined_circles

Skill      XL: |  1  2 |
---------------+-------+-----
Maces & Flails | 4 |  4.7
Fighting       | |  3.2
Dodging        | |  2.4
Stealth        | |  2.1

Action                   |  1- 3 |  4- 6 || total
-------------------------+-------+-------++-------
Melee: Mace              |    83 |    13 ||    96
 Stab: Sleeping          |     1 |     1 ||     2
Armor: Robe              |    35 |     3 ||    38
Dodge: Dodged            |    61 |    11 ||    72
